 Dungeon Crawl Stone Soup version 0.26.0-10-g1f06aea511 (webtiles) character file.

Game seed: 1927552427741124173

8987 nightchill the Slicer (level 11, 0/108 HPs)
             Began as a Kobold Berserker on Jan 28, 2021.
             Was an Elder of Trog.
             Slain by a killer bee (4 damage)
             ... on level 12 of the Dungeon.
             The game lasted 00:31:45 (12152 turns).

nightchill the Slicer (Kobold Berserker)           Turns: 12152, Time: 00:31:45

Health: 0/108      AC:  9    Str: 18    XL:     11   Next: 66%
Magic:  11/11      EV: 11    Int:  9    God:    Trog [****..]
Gold:   555        SH:  8    Dex: 16    Spells: 10/10 levels left

rFire    . . .     SeeInvis +   D - +1 rapier
rCold    . . .     Faith    .   q - +0 kite shield
rNeg     . . .     Spirit   .   E - +3 ring mail of Responsibility {+Inv Regen+ Dex+2}
rPois    .         Reflect  .   y - +0 mask of the Dragon {Will+ Slay+3 SInv}
rElec    .         Harm     .   (no cloak)
rCorr    .         Rampage  .   t - +0 pair of gloves
Will     +++..                  (no boots)
Stlth    ..........             (no amulet)
HPRegen  1.68/turn              p - ring of Shadows {Umbra +Inv Stlth+}
MPRegen  0.12/turn              (no ring)

@: berserking (expiring), regenerating, wreathed by umbra, very quick
A: small, nightstalker 3
a: Renounce Religion, Evoke Invisibility, Berserk, Trog's Hand, Brothers in Arms


You were on level 12 of the Dungeon.
You worshipped Trog.
Trog was greatly pleased with you.
You visited 2 branches of the dungeon, and saw 13 of its levels.

You collected 555 gold pieces.

Inventory:

Hand Weapons
 a - a +0 short sword
 r - a +0 hunting sling
 C - a +0 vampiric long sword
 D - a +1 rapier (weapon)
 I - a +0 rapier
Missiles
 n - 241 stones
 s - 71 poisoned darts
 G - 7 curare-tipped darts
Armour
 q - a +0 kite shield (worn)
 t - a +0 pair of gloves (worn)
 y - the +0 mask of the Dragon (worn) {Will+ Slay+3 SInv}
   (You found it on level 5 of the Dungeon)

   It affects your accuracy and damage with ranged weapons and melee attacks
   (+3).
   It affects your willpower, your defense against some magical effects.
   It lets you see invisible.
 E - the +3 ring mail of Responsibility (worn) {+Inv Regen+ Dex+2}
   (You found it on level 7 of the Dungeon)

   It affects your dexterity (+2).
   It lets you turn invisible.
   It increases your rate of regeneration.
Jewellery
 p - the ring of Shadows (left hand) {Umbra +Inv Stlth+}
   (You found it on level 6 of the Dungeon)

   [ring of stealth]

   It lets you turn invisible.
   It makes you more stealthy.
 J - an uncursed ring of protection from fire
Wands
 e - a wand of flame (10)
 f - a wand of iceblast (18)
 o - a wand of polymorph (8)
 H - a wand of acid (6)
Scrolls
 b - a scroll of enchant armour {unknown}
 h - 3 scrolls of fog
 l - 2 scrolls of fear {unknown}
 m - 6 scrolls of teleportation
 u - 3 scrolls of enchant weapon
 v - a scroll of vulnerability {unknown}
 w - 2 scrolls of immolation {unknown}
 F - 6 scrolls of identify
 L - 2 scrolls of magic mapping {unknown}
Potions
 c - 2 potions of might {unknown}
 d - 5 potions of curing
 g - 3 potions of lignification
 i - a potion of degeneration {unknown}
 j - 2 potions of invisibility
 k - 3 potions of flight
 x - a potion of magic {unknown}
 z - a potion of brilliance {unknown}
 A - a potion of berserk rage {unknown}
 B - 5 potions of heal wounds
 K - a potion of ambrosia {unknown}


   Skills:
 + Level 10.0 Fighting
 - Level 14.0 Short Blades
 - Level 1.5 Armour
 - Level 2.4 Dodging
 + Level 11.8 Stealth
 + Level 7.7 Evocations


You had 10 spell levels left.
You didn't know any spells.
Your spell library was empty.

Dungeon Overview and Level Annotations

Branches:
Dungeon (11/15)            Temple (1/1) D:7
   Lair: D:8-11         Orc: D:9-12

Altars:
Ashenzari
Elyvilon
Fedhas
Nemelex Xobeh
Okawaru
Qazlal
Sif Muna
Trog
Vehumet
Xom
The Shining One

Annotations:
D:6 3 exclusions
D:9 exclusions: door and 7 more exclusions
D:10 exclusion: 2 doors


Innate Abilities, Weirdness & Mutations

You are small and have problems with some larger weapons.
You are completely attuned to the shadows.


Message History

The killer bee stings you but does no damage. x2
You closely miss the deep elf mage. You miss the deep elf mage.
The killer bee stings you but does no damage.
The killer bee barely misses you. You block the killer bee's attack.
The deep elf mage hits you with a cursed +0 rapier.
* * * LOW HITPOINT WARNING * * *
You closely miss the deep elf mage. The killer bee stings you.
* * * LOW HITPOINT WARNING * * *
The killer bee stings you!
* * * LOW HITPOINT WARNING * * *
The killer bee stings you.
* * * LOW HITPOINT WARNING * * *
The killer bee barely misses you.
You miss the deep elf mage. You block the killer bee's attack.
The killer bee closely misses you. The killer bee misses you.
The killer bee stings you.
* * * LOW HITPOINT WARNING * * *
You barely miss the deep elf mage. The killer bee stings you.
You die...

##...##+###+###
#............+
#............#
#............#
#.......####.#
#.......#
#.#######.
.......#
#*........
.......#
#..eyy....
.......#
#...@y....
#....y....
#.........
..........
##########


You could see a deep elf mage, 4 killer bees and a battlesphere.

Vanquished Creatures
  A two-headed ogre (D:8)
  An ugly thing (D:11)
  2 manticores
  Maurice (D:12)
  A gargoyle (D:12)
  A centaur skeleton (D:11)
  2 trolls
  Grinder (D:4)
  5 yaks (D:10)
  Eustachio (D:4)
  2 water moccasins
  6 orc warriors
  3 sky beasts
  An ice beast (D:5)
  A black bear (D:8)
  A necrophage (D:7)
  2 centaurs
  4 ogres
  Blork the orc (D:5)
  6 bullfrogs
  A gnoll sergeant (D:9)
  A wyvern skeleton (D:8)
  12 killer bees
  8 wights
  5 howler monkeys
  2 bullfrog zombies (D:5)
  4 crimson imps (D:5)
  2 centaur zombies
  2 hounds
  6 orc priests
  2 bullfrog skeletons
  7 orc wizards
  2 iguanas (D:10)
  7 worker ants
  A hound skeleton (D:6)
  2 hound zombies
  12 adders
  9 gnolls
  3 shadow imps
  2 white imps
  An ufetubus (D:10)
  2 adder zombies
  A worm (D:3)
  A dart slug (D:1)
  3 leopard geckos
  37 orcs
  A ball python (D:3)
  2 giant cockroaches
  6 goblins
  8 hobgoblins
  8 kobolds
  A quokka (D:2)
  8 bats
  2 frilled lizards
  6 rats
220 creatures vanquished.

Vanquished Creatures (others)
  A gnoll (D:9)
  4 plants (D:7)
5 creatures vanquished.

Grand Total: 225 creatures vanquished

Notes
Turn   | Place    | Note
-------+----------+-------------------------------------------
     0 | D:1      | nightchill the Kobold Berserker began the quest for the
                  | Orb.
     0 | D:1      | Reached XP level 1. HP: 14/14 MP: 1/1
   265 | D:1      | Reached XP level 2. HP: 19/19 MP: 2/2
   336 | D:1      | Reached skill level 1 in Stealth
   989 | D:2      | Reached XP level 3. HP: 23/23 MP: 3/3
  1177 | D:2      | Found a bloodstained altar of Trog.
  1338 | D:2      | Noticed a sky beast
  1367 | D:2      | Killed a sky beast
  1368 | D:2      | Reached skill level 5 in Short Blades
  1368 | D:2      | Reached XP level 4. HP: 15/29 MP: 4/4
  1368 | D:2      | Reached XP level 5. HP: 17/33 MP: 5/5
  1601 | D:2      | Reached skill level 6 in Short Blades
  1665 | D:2      | Reached ** piety under Trog
  1785 | D:2      | Found a stormy altar of Qazlal.
  1922 | D:3      | Found a white marble altar of Elyvilon.
  2450 | D:3      | Found a broken altar of Ashenzari.
  2887 | D:4      | Reached XP level 6. HP: 39/39 MP: 6/6
  3120 | D:4      | Noticed Grinder
  3125 | D:4      | Paralysed by Grinder for 3 turns
  3131 | D:4      | Killed Grinder
  3132 | D:4      | Reached skill level 7 in Short Blades
  3132 | D:4      | Reached XP level 7. HP: 36/44 MP: 7/7
  3410 | D:4      | Noticed Eustachio
  3423 | D:4      | Killed Eustachio
  3424 | D:4      | Reached skill level 5 in Fighting
  3424 | D:4      | Reached skill level 8 in Short Blades
  3424 | D:4      | Reached skill level 5 in Stealth
  4478 | D:5      | Entered Level 5 of the Dungeon
  4530 | D:5      | Reached XP level 8. HP: 25/50 MP: 8/8
  4752 | D:5      | Reached skill level 9 in Short Blades
  5240 | D:5      | Found a glowing golden altar of the Shining One.
  5470 | D:5      | Found the +0 mask of the Dragon {Will+ Slay+3 SInv}
  5623 | D:5      | Found a radiant altar of Vehumet.
  5639 | D:5      | Noticed Blork the orc
  5646 | D:5      | Killed Blork the orc
  5647 | D:5      | Reached skill level 10 in Short Blades
  5768 | D:5      | Found a shimmering altar of Xom.
  6097 | D:5      | Reached XP level 9. HP: 56/56 MP: 9/9
  6718 | D:6      | Found a sparkling altar of Nemelex Xobeh.
  6993 | D:6      | Found an iron altar of Okawaru.
  7175 | D:6      | Reached *** piety under Trog
  7291 | D:6      | Found the ring of Shadows {Umbra +Inv Stlth+}
  7801 | D:7      | Got a polished ring mail
  7802 | D:7      | Identified the +3 ring mail of Responsibility {+Inv Regen+
                  | Dex+2} (You found it on level 7 of the Dungeon)
  8018 | D:7      | Reached skill level 11 in Short Blades
  8044 | D:7      | Found a stormy altar of Qazlal.
  8058 | D:7      | Reached skill level 1 in Evocations
  8204 | D:7      | Found a staircase to the Ecumenical Temple.
  8597 | Temple   | Entered the Ecumenical Temple
  8738 | D:8      | Noticed a two-headed ogre
  8760 | D:8      | Killed a two-headed ogre
  8761 | D:8      | Reached skill level 12 in Short Blades
  8761 | D:8      | Reached XP level 10. HP: 62/64 MP: 10/10
  9098 | D:8      | Found a shimmering blue altar of Sif Muna.
  9214 | D:8      | Reached skill level 13 in Short Blades
  9593 | D:8      | Got a black opal-studded leather armour
  9816 | D:8      | Identified the +1 leather armour of Tempters {Harm rPois
                  | rC- rN++} (You found it on level 8 of the Dungeon)
 10136 | D:9      | You fall into a shaft and drop 1 floor!
 10136 | D:10     | Entered Level 10 of the Dungeon
 10141 | D:10     | Reached skill level 5 in Evocations
 10268 | D:10     | Reached skill level 10 in Stealth
 10385 | D:10     | Reached **** piety under Trog
 10656 | D:10     | Reached XP level 11. HP: 69/69 MP: 11/11
 10898 | D:9      | Found a sparkling altar of Nemelex Xobeh.
 11412 | D:9      | Found a blossoming altar of Fedhas.
 11475 | D:9      | Identified the +8 hand axe "Hell-Harrower" {vamp, rN+
                  | Int+2}
 11497 | D:9      | Reached skill level 14 in Short Blades
 11984 | D:11     | Noticed a purple ugly thing
 11988 | D:11     | Noticed a manticore
 11999 | D:11     | Killed a purple ugly thing
 12012 | D:11     | Killed a manticore
 12016 | D:11     | You fall into a shaft and drop 1 floor!
 12017 | D:12     | Noticed Maurice
 12040 | D:12     | Killed Maurice
 12084 | D:12     | Noticed a white ugly thing
 12124 | D:12     | Noticed a manticore
 12137 | D:12     | Noticed a deep elf mage
 12145 | D:12     | Killed a manticore
 12146 | D:12     | Reached skill level 10 in Fighting
 12150 | D:12     | HP: 5/108 [killer bee (2)]
 12152 | D:12     | Slain by a killer bee

Illustrated notes

Levels and vault maps discovered:
D:1:      giann_bridges, layout_basic, fountainhead, minmay_heptomino_l4
D:2:      layout_loops_ring, general_overflow_altar, lemuel_crystal_altar
D:3:      layout_loops_cross, nicolae_overflow_hidden_temple, elyvilon_altar_4
D:4:      cheibrodos_pilgrimage, layout_layer_cave, lemuel_statue_altar,
          uniq_grinder, uniq_eustachio
D:5:      layout_basic, old_standard_altar, kennysheep_mini, led_xom_imps,
          uniq_blork_the_orc
D:6:      layout_layer_cave, kennysheep_okawaru_gauntlet,
          nemelex_spade_bored_becter
D:7:      layout_gridville, minmay_temple_entry_gardened_gates, basic_altar
D:8:      layout_basic, lemuel_doored_altar, st_stairs_6,
          minmay_misc_feat_four_crosses
D:9:      layout_basic, nemelex_xobeh_ov_fountains_minmay,
          overflow_temple_1_default, erik_orc_2
D:10:     layout_rooms, kennysheep_generic_room_12
D:11:     minmay_the_grid_octo_tiled_squarecenter
          [minmay_the_grid_octo_thin_diamonds, minmay_the_grid_octo_toaster,
          minmay_the_grid_octo_vomiting_pacman, minmay_the_grid_octo_clover,
          minmay_the_grid_square_5x5_megaprize_crossed,
          minmay_the_grid_square_5x5_three,
          minmay_the_grid_square_5x5_beaten_path,
          minmay_the_grid_square_5x5_eight_small,
          minmay_the_grid_square_5x5_trominoes], layout_basic, uniq_fannar
D:12:     layout_stronghold, nrook_guardian_serpent_ordinary, uniq_kirke,
          uniq_maurice, uniq_nessos
Temple:   hc_temple_tempest_star

Skill      XL: |  1  2  3  4  5  6  7  8  9 10 11 |
---------------+----------------------------------+-----
Stealth        | 1 3 4 5 7 9 10 11 | 11.8
Fighting       | 4 5 6 7 8 10 | 10.0
Short Blades   | 5 6 7 8 10 12 13 14 | 14.0
Evocations     | 3 5 7 |  7.7
Armour         | |  1.5
Dodging        | |  2.4

Action                   |  1- 3 |  4- 6 |  7- 9 | 10-12 || total
-------------------------+-------+-------+-------+-------++-------
Melee: Short sword       |   103 |   128 |   180 |       ||   411
       Rapier            |       |       |   100 |   369 ||   469
Invok: Berserk           |     1 |     2 |     6 |     7 ||    16
       Trog's Hand       |       |       |       |     8 ||     8
  Use: Scroll            |       |       |    13 |     1 ||    14
 Stab: Sleeping          |     8 |     6 |    17 |    23 ||    54
       Distracted        |       |     1 |     3 |     3 ||     7
Armor: Animal skin       |     6 |       |       |       ||     6
       Ring mail         |    25 |    28 |    10 |    55 ||   118
       Scale mail        |       |     8 |    45 |       ||    53
Dodge: Dodged            |    48 |    53 |    70 |   118 ||   289
Block: Buckler           |     7 |       |       |       ||     7
       Kite shield       |     4 |    38 |    62 |   100 ||   204
